 Dungeon Sprint DCSS version 0.31-a0-876-gfe8ebadbca (webtiles) character file.

Game seed: 16391603444473627397

14011 rocky1 the Fencer (level 12, -6/96 HPs)
             Began as a Djinni Gladiator on Oct 14, 2023.
             Was an Initiate of Gozag.
             Killed from afar by a black draconian knight (46 damage)
             ... with a bolt of lightning
             ... in the Dungeon (Sprint II: "The Violet Keep of Menkaure").
             The game lasted 00:16:20 (3616 turns).

rocky1 the Fencer (Djinni Gladiator)                Turns: 3616, Time: 00:16:21

Health: -6/96      AC: 22    Str: 13    XL:     12   Next: 39%
Gold:   3321       EV: 11    Int: 10    God:    Gozag SH: 14 Dex: 20

rFire   + + +        f - +0 scimitar (heavy)
rCold   + . .        E - +0 kite shield
rNeg    + . .        k - +3 chain mail {rC+}
rPois   ∞            n - +1 helmet
rElec   .            r - scarf {repulsion}
rCorr   .            g - +2 pair of gloves
SInv    .            (boots unavailable)
Will    +....        F - amulet "Owniaf" {Reflect rF++ rC+ SH+5} Stlth
                     s - ring of positive energy
HPRegen 0.36/turn    G - +4 ring of slaying
MPRegen 0.00/turn

%: no teleportation, repel missiles, reflection, infuse magic (-7 HP)
@: flying
A: sickness immunity, fire resistance 2, cold vulnerability 1, float, innate
caster, HP casting, extra vitality 1
a: Renounce Religion, Potion Petition, Call Merchant, Bribe Branch


You were in the Dungeon.
You worshipped Gozag.
Gozag was most pleased with you.
You visited 1 branch You collected 6805 gold pieces.
You spent 3484 gold pieces at shops.

Inventory:

Hand Weapons
 f - a +0 heavy scimitar (weapon)
Missiles
 d - 2 throwing nets (quivered)
 e - a javelin
 C - 6 curare-tipped darts
Armour
 g - a +2 pair of gloves (worn)
 k - a +3 chain mail of cold resistance (worn)
 n - a +1 helmet (worn)
 r - a scarf of repulsion (worn)
 E - a +0 kite shield (worn)
Jewellery
 q - a ring of resist corrosion
 s - a ring of positive energy (left hand)
 F - the amulet "Owniaf" (around neck) {Reflect rF++ rC+ SH+5}
   (You bought it in a shop in the Dungeon)

   [amulet of reflection]

   Reflect:   It reflects blocked missile attacks.
   rF++:      It greatly protects you from fire.
   rC+:       It protects you from cold.
   SH+5:      It affects your SH (+5).
 G - a +4 ring of slaying (right hand)
Scrolls
 h - a scroll of identify
 j - 5 scrolls of blinking
 o - 3 scrolls of enchant weapon {unknown}
 p - 5 scrolls of immolation
 w - a scroll of brand weapon {unknown}
 y - a scroll of fear
 z - a scroll of torment
 B - a scroll of vulnerability
Potions
 a - 3 potions of curing
 b - a potion of might
 c - 9 potions of enlightenment
 i - a potion of berserk rage
 m - 3 potions of haste
 t - 3 potions of magic
 u - 2 potions of resistance
 x - 2 potions of attraction
 A - 2 potions of lignification
 D - a potion of cancellation


   Skills:
 + Level 12.7 Fighting
 + Level 20.0 Long Blades
 - Level 1.5 Throwing
 + Level 13.3 Armour
 + Level 12.0 Dodging
 + Level 1.4 Shields


You knew the following spells:

 Your Spells              Type           Power      Damage    Failure   Level
a - Magic Dart            Conj           0%         1d3       100%        1
b - Searing Ray           Conj           0%         2d4       100%        2
c - Inner Flame           Hex/Fire       0%         N/A       100%        3
d - Vampiric Draining     Necr           0%         2d6       100%        3
e - Irradiate             Conj/Tmut      0%         3d11      100%        5
Your spell library was empty.


Dungeon Overview and Level Annotations

Branches:
Dungeon (1/1)

Altars:
Cheibriados
Dithmenos
Elyvilon
Fedhas
Gozag
Hepliaklqana
Makhleb
Nemelex Xobeh
Okawaru
Qazlal
Ru
Trog
Uskayaw
Wu Jian
Xom
Yredelemnul
Zin
The Shining One
Jiyva
Lugonu

Shops:
D :[(====***:[!?!(:

Annotations:
D exclusion: ice statue, Lernaean hydra


Innate Abilities, Weirdness & Mutations

You are immune to sickness and miasma.
You are immune to poison.
Your flesh is very heat resistant. (rF++)
You are vulnerable to cold. (rC-)
You float through the air rather than walking.
You learn spells naturally, not from books.
Your magical power is your life essence.
You have superior vitality. (+4 MHP)


Message History

Done waiting.
There is an entrance to Vallout's Book Shoppe here.
You see here 6 stones.
There is an open door, spattered with blood here.
There is an open door, spattered with blood here.
There is an open door, spattered with blood here.
Okay, then.
You start putting on your armour.
You continue putting on your +0 kite shield. x4
You finish putting on your +0 kite shield.
Unknown command.
The black draconian knight roars!
You see here a granite talisman.
You see here a granite talisman.
There is an open door, spattered with blood here.
There is an open door, spattered with blood here.
There is an open door, spattered with blood here.
You see here 6 stones.
You reach down and open the door.
The black draconian knight breathes lightning at you.
The bolt of lightning hits you!!
The black draconian knight gestures wildly while chanting.
The black draconian knight flickers and vanishes!
Deactivating autopickup; reactivate with Ctrl-A.
There is an open door here.
You block something's attack.
You closely miss something. Something hits you but does no damage.
You miss something.
A bolt of lightning appears from out of thin air!
The bolt of lightning hits you!!!
* * * LOW HITPOINT WARNING * * *
The bolt of lightning misses you.
The bolt of lightning hits something.
You miss something. Something hits you.
* * * LOW HITPOINT WARNING * * *
You feel much better. You block something's attack.
You miss something.
A bolt of lightning appears from out of thin air!
The bolt of lightning misses you. The bolt of lightning hits you!!!
You die...
Your body crumbles into a pile of gold.

##....∩...#~#...##.#
#▓▓▓▓▓▓▓###~##.###'#
##...######~~####.#.
#...#..'.##~~~#..##
#∩.('..#'##'#~##.~#
#...#.##.##(#~§##'#
#...###~~.####§~~~~
##'###~~~~~# #'''#+
#$@{##~~~~~###≈§§§§
##+###~§~~.##≈§§§§§
#.99#'.§%~~'≈§≈§≈§§
##+###§~§§~##§≈§≈§§
#!.!##~~§§§###§≈≈≈§
##+###~§~.§#∩####'#
##~.~##...^###
##~##∩.......
###########.


You could see a toenail golem.

Vanquished Creatures
  A kraken (D)
  A deep elf master archer (D)
  Roxanne (D)
  A crystal guardian (D)
  2 boulder beetles (D)
  2 death drakes (D)
  3 manticores (D)
  An oklob plant (D)
  A merfolk siren (D)
  2 cane toads (D)
  2 unseen horrors (D)
  A yaktaur (D)
  3 polar bears (D)
  A hornet (D)
  A blink frog (D)
  12 flying skulls (D)
  3 slime creatures (D)
  Menkaure (D)
  3 water moccasins (D)
  3 black bears (D)
  2 swamp drakes (D)
  4 necrophages (D)
  9 electric eels (D)
  A jelly (D)
  3 worms (D)
  A spectral ball python (D)
  A spectral quokka (D)
  5 tentacles (D)
71 creatures vanquished.

Vanquished Creatures (others)
  A water moccasin (D)
  7 tentacles (D)
8 creatures vanquished.

Grand Total: 79 creatures vanquished

Notes
Turn   | Place    | Note
-------+----------+-------------------------------------------
     0 | D        | rocky1 the Djinni Gladiator began the quest for the Orb.
     0 | D        | Reached XP level 1. HP: 18/18 MP: 0/0
    14 | D        | Reached skill level 3 in Long Blades
    23 | D        | Reached XP level 2. HP: 4/24 MP: 0/0
    72 | D        | Killed a water moccasin
   104 | D        | Noticed an electric eel
   104 | D        | Noticed an electric eel
   106 | D        | Noticed an electric eel
   109 | D        | Noticed a flying skull
   114 | D        | Found an opulent altar of Gozag.
   114 | D        | Found a sparkling altar of Nemelex Xobeh.
   114 | D        | Found an iron altar of Okawaru.
   114 | D        | Found a blossoming altar of Fedhas.
   115 | D        | Found a burning altar of Makhleb.
   115 | D        | Found a white marble altar of Elyvilon.
   116 | D        | Found a hide-covered altar of Uskayaw.
   116 | D        | Found a corrupted altar of Lugonu.
   116 | D        | Found a shadowy altar of Dithmenos.
   117 | D        | Found a glowing silver altar of Zin.
   117 | D        | Found a bloodstained altar of Trog.
   117 | D        | Found a snail-covered altar of Cheibriados.
   118 | D        | Found a basalt altar of Yredelemnul.
   118 | D        | Found a viscous altar of Jiyva.
   119 | D        | Found a shimmering altar of Xom.
   119 | D        | Found a sacrificial altar of Ru.
   121 | D        | Found a glowing golden altar of the Shining One.
   121 | D        | Found an ornate altar of the Wu Jian Council.
   121 | D        | Found a stormy altar of Qazlal.
   121 | D        | Found a hazy altar of Hepliaklqana.
   125 | D        | Became a worshipper of Gozag Ym Sagoz the Greedy
   135 | D        | Noticed a flying skull
   137 | D        | Noticed a flying skull
   138 | D        | Noticed a flying skull
   138 | D        | Noticed a flying skull
   139 | D        | Noticed a flying skull
   140 | D        | Noticed a flying skull
   140 | D        | Noticed a flying skull
   140 | D        | Noticed a flying skull
   140 | D        | Noticed a flying skull
   140 | D        | Noticed a flying skull
   140 | D        | Noticed a flying skull
   146 | D        | Identified the +9 spear "Orgheupru" {antimagic, *Noise
                  | rElec Str+8}
   163 | D        | Noticed an electric eel
   163 | D        | Noticed an electric eel
   163 | D        | Noticed an electric eel
   174 | D        | Noticed a merfolk siren
   196 | D        | Killed a merfolk siren
   197 | D        | Reached skill level 5 in Fighting
   197 | D        | Reached skill level 9 in Long Blades
   197 | D        | Reached XP level 3. HP: 17/33 MP: 0/0
   197 | D        | Learned a level 1 spell: Magic Dart
   197 | D        | Reached XP level 4. HP: 20/39 MP: 0/0
   197 | D        | Reached XP level 5. HP: 23/44 MP: 0/0
   197 | D        | Learned a level 2 spell: Searing Ray
   197 | D        | Reached XP level 6. HP: 25/49 MP: 0/0
   281 | D        | Noticed an ice statue
   283 | D        | Noticed Menkaure
   295 | D        | Killed Menkaure
   296 | D        | Reached skill level 10 in Long Blades
   296 | D        | Reached XP level 7. HP: 10/56 MP: 0/0
   296 | D        | Learned a level 3 spell: Inner Flame
   296 | D        | Found Taasar's Distillery.
   298 | D        | Found Usoniwo's Magic Scroll Shoppe.
   299 | D        | Found Qiefawaon's Antique Armour Shoppe.
   299 | D        | Found Acradeva's Book Emporium.
   299 | D        | Found Luduxu's Distillery.
   300 | D        | Found Liubia Zuqi's Assorted Antiques.
   300 | D        | Found Faggel's Jewellery Emporium.
   300 | D        | Found Paoleus's General Store.
   300 | D        | Found Oblibbos's General Store.
   301 | D        | Found Eloysh's Jewellery Shoppe.
   301 | D        | Found Kauh's Jewellery Emporium.
   301 | D        | Found Pef Vaym's Jewellery Emporium.
   302 | D        | Found Awua's Antique Weapon Shoppe.
   302 | D        | Found Itosk's Antique Armour Emporium.
   302 | D        | Noticed a manticore
   302 | D        | Noticed a manticore
   457 | D        | Noticed a blink frog
   517 | D        | Noticed a manticore
   517 | D        | Noticed an oklob plant
   518 | D        | Found Vallout's Book Shoppe.
   523 | D        | Noticed a slime creature
   524 | D        | Noticed a slime creature
   525 | D        | Noticed a slime creature
   527 | D        | Noticed a cane toad
   529 | D        | Noticed a cane toad
   530 | D        | Bought a runed scimitar for 196 gold pieces
   552 | D        | Killed a blink frog
   553 | D        | Reached skill level 11 in Long Blades
   680 | D        | Bought a pair of embroidered gloves for 157 gold pieces
   680 | D        | Bought a cloak for 94 gold pieces
   694 | D        | Bought a runed chain mail for 180 gold pieces
   780 | D        | Reached XP level 8. HP: 57/62 MP: 0/0
   784 | D        | Reached skill level 12 in Long Blades
   834 | D        | Noticed a boulder beetle
   834 | D        | Noticed a boulder beetle
   841 | D        | Killed a boulder beetle
   842 | D        | Reached skill level 13 in Long Blades
   842 | D        | Reached skill level 5 in Armour
   842 | D        | Reached XP level 9. HP: 21/68 MP: 0/0
   842 | D        | Learned a level 3 spell: Vampiric Draining
   845 | D        | HP: 3/68 [boulder beetle (11)]
  1061 | D        | Killed a boulder beetle
  1062 | D        | Reached skill level 14 in Long Blades
  1092 | D        | Bought a potion of curing for 30 gold pieces
  1092 | D        | Bought a potion of might for 40 gold pieces
  1092 | D        | Bought a potion of heal wounds for 50 gold pieces
  1092 | D        | Bought a potion of heal wounds for 50 gold pieces
  1092 | D        | Bought a potion of berserk rage for 50 gold pieces
  1106 | D        | Bought a potion of curing for 36 gold pieces
  1106 | D        | Bought a potion of curing for 36 gold pieces
  1106 | D        | Bought a potion of haste for 120 gold pieces
  1106 | D        | Bought a potion of curing for 36 gold pieces
  1108 | D        | Bought a scroll of blinking for 105 gold pieces
  1108 | D        | Bought a scroll of blinking for 105 gold pieces
  1120 | D        | Bought a glowing helmet for 165 gold pieces
  1120 | D        | Bought a scroll of blinking for 165 gold pieces
  1165 | D        | Noticed a polar bear
  1173 | D        | Noticed a yaktaur
  1173 | D        | Noticed a hornet
  1173 | D        | Noticed a polar bear
  1173 | D        | Noticed a polar bear
  1180 | D        | Killed a polar bear
  1181 | D        | Reached skill level 15 in Long Blades
  1184 | D        | Killed a polar bear
  1185 | D        | Killed a hornet
  1189 | D        | Killed a polar bear
  1190 | D        | Reached skill level 16 in Long Blades
  1190 | D        | Reached XP level 10. HP: 32/77 MP: 0/0
  1194 | D        | Killed a yaktaur
  1450 | D        | Noticed a crystal guardian
  1457 | D        | Noticed a death drake
  1468 | D        | Killed a death drake
  1490 | D        | Noticed a death drake
  1508 | D        | Killed a crystal guardian
  1509 | D        | Reached skill level 17 in Long Blades
  1516 | D        | Killed a death drake
  1627 | D        | Killed an unseen horror
  1628 | D        | Reached skill level 18 in Long Blades
  1629 | D        | Killed an unseen horror
  1630 | D        | Reached skill level 10 in Dodging
  1630 | D        | Reached XP level 11. HP: 74/85 MP: 0/0
  1630 | D        | Learned a level 5 spell: Irradiate
  1669 | D        | Noticed a deep elf master archer
  2031 | D        | Killed a deep elf master archer
  2032 | D        | Reached skill level 10 in Fighting
  2166 | D        | Noticed a kraken
  2177 | D        | Reached skill level 19 in Long Blades
  2288 | D        | Killed a kraken
  2289 | D        | Reached skill level 10 in Armour
  2294 | D        | Found the brooch of Shielding {Spirit SH+8}
  2558 | D        | Noticed a sixfirhy
  2561 | D        | Noticed a sixfirhy
  2564 | D        | Noticed a sixfirhy
  2607 | D        | Found Kodiso's Book Shoppe.
  2608 | D        | Found Wiupim's Antique Weapon Boutique.
  2729 | D        | Bought a potion of cancellation for 88 gold pieces
  2729 | D        | Bought a scroll of identify for 22 gold pieces
  2729 | D        | Bought a +0 kite shield for 49 gold pieces
  2737 | D        | Bought the amulet "Owniaf" {Reflect rF++ rC+ SH+5} for 799
                  | gold pieces
  2746 | D        | Bought a +4 ring of slaying for 780 gold pieces
  2752 | D        | Bought a scroll of identify for 28 gold pieces
  2752 | D        | Bought a scroll of identify for 28 gold pieces
  2752 | D        | Bought a scroll of identify for 28 gold pieces
  2752 | D        | Bought a scroll of identify for 28 gold pieces
  2760 | D        | Bought a fizzy orange potion for 19 gold pieces
  3048 | D        | Noticed Roxanne
  3049 | D        | Noticed a toenail golem
  3050 | D        | Noticed a black draconian knight
  3050 | D        | Noticed a toenail golem
  3064 | D        | Killed Roxanne
  3065 | D        | Reached XP level 12. HP: 63/95 MP: 0/0
  3094 | D        | Noticed the 27-headed Lernaean hydra
  3151 | D        | Reached skill level 1 in Shields
  3290 | D        | Reached skill level 20 in Long Blades
  3616 | D        | Killed from afar by a black draconian knight

Illustrated notes

Levels and vault maps discovered:
D:        the_violet_keep_of_menkaure [sprint2_stairs_cluster_1,
          sprint2_shoproom, sprint2_temple, sprint2_basic_supplies,
          sprint2_obstacle_7, sprint2_obstacle_1, sprint2_obstacle_2,
          sprint2_obstacle_6, sprint2_obstacle_5, sprint2_timed_cluster_1,
          sprint2_smallroom_cluster_1, sprint2_smallroom_final_cluster_1,
          sprint2_transparent_cluster_1, sprint2_second_timed_cluster_1,
          sprint2_sniper_area_1, sprint2_heavy_combat_area_1,
          sprint2_mutation_trap_area_1, sprint2_forest_area_1,
          sprint2_light_combat_area_1, sprint2_behind_water_1,
          sprint2_near_end_vault_1]

Skill      XL: |  1  2  3  4  5  6  7  8  9 10 11 12 |
---------------+-------------------------------------+-----
Long Blades    | 3 9 10 11 13 16 18 19 20 | 20.0
Dodging        | 4 8 9 10 11 12 | 12.0
Fighting       | 5 6 7 8 9 12 | 12.7
Armour         | 3 4 5 6 8 12 13 | 13.3
Shields        | 1 |  1.4
Throwing       | |  1.5

Action                     |  1- 3 |  4- 6 |  7- 9 | 10-12 || total
---------------------------+-------+-------+-------+-------++-------
  Melee: Long sword        |    44 |    11 |     1 |       ||    56
         Scimitar          |       |       |    60 |   190 ||   250
         Punch             |       |       |     1 |     2 ||     3
  Throw: Throwing net      |       |       |       |     2 ||     2
    Use: Potion            |     1 |     1 |     2 |     9 ||    13
         Scroll            |       |       |       |     9 ||     9
   Stab: Distracted        |       |       |     1 |       ||     1
         Held in net/web   |       |       |       |     1 ||     1
 Armour: Leather armour    |     9 |     3 |     7 |       ||    19
         Chain mail        |       |       |    51 |   224 ||   275
  Dodge: Dodged            |     9 |     4 |    32 |    82 ||   127
         Repelled          |       |       |       |    11 ||    11
  Block: Other             |       |       |       |     4 ||     4
         Kite shield       |       |       |       |     2 ||     2

Table legend: (Time is in decaauts)
 A = Elapsed time spent in this place.
 B = Non-inter-level travel time spent in this place.
 C = Inter-level travel time spent in this place.
 D = Time resting spent in this place.
 E = Time spent auto-exploring this place.
 F = Levels seen in this place.
 G = Mean time per level.
                   A        B        C        D        E       F      G
               +--------+--------+--------+--------+--------+-----+--------+
         Total |   3629 |   3629 |      0 |   2181 |      0 |   1 | 3629.0 |
       Dungeon |   3629 |   3629 |      0 |   2181 |      0 |   1 | 3629.0 |
               +--------+--------+--------+--------+--------+-----+--------+

Top non-repeatable levels by time:
       D: 3629 daAuts
